 Dungeon Crawl Stone Soup version 0.31.0 (webtiles) character file.

Game seed: 1959051203571502941

86 qw the Shooter (level 4, 0/28 HPs)
             Began as a Gargoyle Hunter on Jan 20, 2024.
             Slain by Natasha (6 damage)
             ... on level 2 of the Dungeon.
             The game lasted 00:00:06 (856 turns).

qw the Shooter (Gargoyle Hunter)                     Turns: 856, Time: 00:00:07

Health: 0/28       AC:  8    Str: 15    XL:     4   Next: 50%
Magic:  4/4        EV: 11    Int:  9    God:
Gold:   96         SH:  0    Dex: 15    Spells: 3/3 levels left

rFire   . . .        a - +0 shortbow
rCold   . . .        (shield currently unavailable)
rNeg    + . .        f - +0 ring mail
rPois   inf          (no helmet)
rElec   +            (no cloak)
rCorr   .            (no gloves)
SInv    .            (no boots)
Will    .....        (no amulet)
Stlth   +            (no ring)
HPRegen 0.24/turn    (no ring)
MPRegen 0.09/turn

%: no passive effects
@: no status effects
A: sickness immunity, AC +3, negative energy resistance 1, electricity
resistance, torment resistance 1, petrification resistance
a: no special abilities


You were on level 2 of the Dungeon.
You visited 1 branch of the dungeon, and saw 2 of its levels.

You collected 96 gold pieces.


Innate Abilities, Weirdness & Mutations

You are immune to sickness and miasma.
Your stone body is resilient. (AC +3)
You are immune to poison.
You resist negative energy. (rN+)
You are resistant to electric shocks. (rElec)
You are resistant to unholy torment.
You are immune to petrification.


   Skills:
 - Level 3.0 Fighting
 + Level 5.2 Ranged Weapons
 - Level 1.2 Armour
 - Level 1.5 Dodging
 - Level 1.1 Stealth


You had 3 spell levels left.
You didn't know any spells.
Your spell library was empty.

Inventory:

Hand Weapons
 a - a +0 shortbow (weapon)
Armour
 f - a +0 ring mail (worn)
Scrolls
 b - a scroll of amnesia {unknown}
 c - a scroll of torment {unknown}
 h - a scroll of teleportation {unknown}
 i - a scroll of identify {unknown}
Potions
 d - a potion of mutation {unknown}
 e - a potion of magic {unknown}
 g - a potion of ambrosia {unknown}
 j - a potion of enlightenment {unknown}
 k - a potion of curing {unknown}

Dungeon Overview and Level Annotations

Branches:
Dungeon (2/15)

Altars:

Annotations:
D:2 Natasha


Message History

You shoot an arrow. The arrow barely misses the gnoll.
The gnoll shouts!
Natasha, Servant of Life and Death comes into view.
Enter note:
Enter note:
851 ||| RETREEEEATING.
Natasha hisses angrily.
The endoplasm freezes you.
You are frozen.
The gnoll throws a throwing net.
The throwing net barely misses you.
Enter note:
Enter note:
852 ||| RETREEEEATING.
The gnoll hits you from afar with a +0 spear.
The endoplasm attacks as it pursues you!
The endoplasm closely misses you.
Enter note:
Enter note: You shoot an arrow.
The arrow hits the gnoll!
The gnoll is heavily wounded.
The gnoll barely misses you. The gnoll closely misses you.
The gnoll hits you from afar with a +0 spear.
The endoplasm hits you but does no damage.
Natasha mewls in sadness.
You shoot an arrow. The arrow hits the gnoll.
The gnoll is almost dead.
The gnoll closely misses you. The gnoll hits you with a +0 flail.
The gnoll hits you from afar with a +0 spear.
The endoplasm hits you but does no damage.
Natasha claws you! The gnoll barely misses you.
The gnoll hits you but does no damage.
You shoot an arrow. The arrow hits the gnoll.
You kill the gnoll!
The endoplasm hits you but does no damage.
Natasha claws you but does no damage. The gnoll closely misses you.
The gnoll misses you. The endoplasm misses you.
You shoot an arrow. The arrow closely misses Natasha.
Natasha claws you.
You die...
Natasha begins licking her fur clean.

# ####### #######
..########.....# #......
...............# #......
...>....g......# #......
.......J....(..# #......
.....g.@..>....# #......
......h)....##.###......
##......................
..[.....................
##............#....#.#..
########.....####%#.#..
#......>...%.#..
#.^.............
#............#..


You could see Natasha, 2 gnolls and an endoplasm.

Vanquished Creatures
  A gnoll (D:2)
  2 adders (D:2)
  3 dart slugs
  A ribbon worm (D:2)
  4 endoplasms
  2 giant cockroaches
  6 goblins (D:1)
  4 hobgoblins
  3 jackals (D:2)
  7 kobolds
  2 quokkas (D:1)
  A ball python (D:2)
  7 bats
  A frilled lizard (D:2)
  4 rats (D:1)
48 creatures vanquished.

Notes
Turn   | Place    | Note
-------+----------+-------------------------------------------
     0 | D:1      | qw the Gargoyle Hunter began the quest for the Orb.
     0 | D:1      | Reached XP level 1. HP: 12/12 MP: 1/1
     0 | D:1      | 0 ||| qw: Version: 0.3-a-132-g3d54051
     0 | D:1      | 0 ||| qw: Game counter: 488
     0 | D:1      | 0 ||| qw: Melee chars always use a shield: true
     0 | D:1      | 0 ||| qw: God list: Okawaru
     0 | D:1      | 0 ||| qw: Allow faded altars: false
     0 | D:1      | 0 ||| qw: Do Orc after clearing Dungeon:15 true
     0 | D:1      | 0 ||| qw: Do second Lair branch before Depths: true
     0 | D:1      | 0 ||| qw: Lair rune preference: random
     0 | D:1      | 0 ||| qw: Goals: Normal
     0 | D:1      | 0 ||| PLANNING D:1-11
    36 | D:1      | Reached XP level 2. HP: 17/17 MP: 2/2
   168 | D:1      | Reached XP level 3. HP: 21/21 MP: 3/3
   185 | D:1      | Reached skill level 5 in Ranged Weapons
   293 | D:1      | Found a faded altar of an unknown god.
   392 | D:1      | 392 ||| UPGRADING to +0 ring mail.
   402 | D:1      | 402 ||| DROPPING +0 leather armour.
   403 | D:1      | 403 ||| DROPPING amulet of magic regeneration.
   404 | D:1      | 404 ||| DROPPING ring of magical power.
   405 | D:1      | 405 ||| DROPPING scroll of butterflies.
   506 | D:2      | Reached skill level 1 in Armour
   584 | D:2      | Reached XP level 4. HP: 27/27 MP: 4/4
   598 | D:2      | Reached skill level 3 in Fighting
   601 | D:2      | 601 ||| FLEEEEING.
   850 | D:2      | Noticed Natasha
   851 | D:2      | 851 ||| RETREEEEATING.
   852 | D:2      | 852 ||| RETREEEEATING.
   854 | D:2      | HP: 6/28 [Natasha (8)]
   856 | D:2      | Slain by Natasha

Levels and vault maps discovered:
D:1:      eino_arrival_druids_welcome, layout_rooms,
          hellmonk_ecumenical_altar_leap_of_faith
D:2:      layout_basic, uniq_natasha

Skill      XL: |  1  2  3  4 |
---------------+-------------+-----
Ranged Weapons | 5 |  5.2
Armour         | 1 |  1.2
Fighting       | 3 |  3.0
Dodging        | |  1.5
Stealth        | |  1.1

Action                     |  1- 3 |  4- 6 || total
---------------------------+-------+-------++-------
   Fire: Shortbow          |   103 |    35 ||   138
 Armour: Leather armour    |    11 |       ||    11
         Ring mail         |    10 |    25 ||    35
  Dodge: Dodged            |    14 |    13 ||    27

Table legend:
 A = Non-vault XP
 B = Vault XP
 C = Vault XP percentage of total XP
 D = Non-vault monster count
 E = Vault monster count
 F = Vault count percentage of total count
                 A         B        C        D         E       F
            +---------+---------+-------+---------+---------+-------
      Total |     124 |       0 |   0.0 |      48 |       0 |   0.0
            +---------+---------+-------+---------+---------+-------
        D:1 |      49 |       0 |   0.0 |      27 |       0 |   0.0
        D:2 |      75 |       0 |   0.0 |      21 |       0 |   0.0
            +---------+---------+-------+---------+---------+-------
